 Dungeon Crawl Stone Soup version 0.31-a0-981-geadf994542 (webtiles) character file.

Game seed: 4301773787641491333

5541 Vomitron the Frost Mage (level 10, -17/84 HPs)
             Began as a White Draconian Fire Elementalist on Oct 31, 2023.
             Was a Follower of Ru.
             Demolished by a cyclops (27 damage)
             ... on level 9 of the Dungeon.
             The game lasted 00:25:24 (9828 turns).

Vomitron the Frost Mage (DrFE)                      Turns: 9828, Time: 00:25:25

Health: -17/84     AC:  9    Str: 11    XL:     10   Next: 43%
Magic:  7/20       EV: 12    Int: 19    God:    Ru [*.....]
Gold:   339        SH:  0    Dex: 12    Spells: 8/22 levels left

rFire   . . .        r - +5 dagger
rCold   + . .        (no shield)
rNeg    . . .        (body armour unavailable)
rPois   +            (helmet restricted)
rElec   .            G - +0 cloak
rCorr   .            (no gloves)
SInv    .            c - +0 pair of boots
Will    .....        h - amulet of magic regeneration
Stlth   ++           q - ring of wizardry
HPRegen 0.34/turn    x - ring of poison resistance
MPRegen 0.57/turn

%: wizardry (x1)
@: no status effects
A: breathe frost, AC +7, unfitting armour, cold resistance 1, cold-blooded,
hated by all
a: Breathe Frost, Renounce Religion


You were on level 9 of the Dungeon.
You worshipped Ru.
Ru was aware of your devotion.
You visited 2 branches of the dungeon, and saw 10 of its levels.

You collected 429 gold pieces.
You spent 90 gold pieces at shops.

Inventory:

Hand Weapons
 d - a +0 dagger
 f - a +0 dagger of venom
 g - a +1 dagger of venom
 r - a +5 dagger (weapon)
Missiles
 b - 9 throwing nets
Armour
 c - a +0 pair of boots (worn)
 m - a +0 kite shield
 G - a +0 cloak (worn)
Jewellery
 h - an amulet of magic regeneration (around neck)
 j - a ring of fire
 q - a ring of wizardry (left hand)
 u - an amulet of faith
 v - a ring of protection from fire
 x - a ring of poison resistance (right hand)
 y - a ring of flight
Wands
 F - a wand of flame (32)
 I - a wand of paralysis (8)
Scrolls
 i - 5 scrolls of teleportation
 o - a scroll of brand weapon {unknown}
 t - a scroll of enchant weapon
 z - 2 scrolls of vulnerability
 B - 2 scrolls of revelation
 C - a scroll of enchant armour
 D - 2 scrolls of poison
 H - a scroll of identify
 K - a scroll of fog {unknown}
 L - a scroll of silence {unknown}
Potions
 a - 2 potions of magic
 e - 2 potions of berserk rage
 k - 2 potions of cancellation
 l - a potion of resistance
 n - 4 potions of curing
 p - 2 potions of might
 s - 6 potions of brilliance {unknown}
 w - 2 potions of heal wounds
 A - a potion of invisibility
 E - a potion of attraction {unknown}
 J - a potion of mutation {unknown}


   Skills:
 + Level 6.8 Fighting
 - Level 1.7 Dodging
 - Level 1.7 Stealth
 + Level 6.9 Spellcasting
 + Level 7.8 Conjurations
 - Level 6.0 Fire Magic
 + Level 8.3 Ice Magic


You had 8 spell levels left.
You knew the following spells:

 Your Spells              Type           Power      Damage    Failure   Level
a - Foxfire               Conj/Fire      100%       2x1d9     1%          1
b - Scorch                Fire           58%        2d7       1%          2
c - Searing Ray           Conj           72%        2d7       1%          2
d - Metabolic Englaciati  Hex/Ice        11%        N/A       21%         5
e - Flame Wave            Conj/Fire      32%        2d9       2%          4

Your spell library contained the following spells:

 Spells                   Type           Power      Damage    Failure   Level
 Magic Dart               Conj           100%       1d8       1%          1
 Ozocubu's Armour         Ice            38%        N/A       1%          3
 Inner Flame              Hex/Fire       18%        N/A       3%          3
 Volatile Blastmotes      Fire/Tloc      36%        2d13      3%          3
 Iskenderun's Battlesphe  Conj           36%        2d9       4%          5
 Fulminant Prism          Conj/Hex       10%        3d9       9%          4
 Gell's Gravitas          Tloc           6%         N/A       12%         3
 Teleport Other           Tloc           6%         N/A       12%         3
 Bombard                  Conj/Erth      10%        9d3       73%         6
 Dispersal                Tloc           3%         N/A       99%         6
 Summon Forest            Summ/Tloc      Unusable   N/A       N/A         5
 Summon Mana Viper        Hex/Summ       Unusable   N/A       N/A         5
 Simulacrum               Ice/Necr       Unusable   N/A       N/A         6
 Summon Cactus Giant      Summ           Unusable   N/A       N/A         6
 Spellforged Servitor     Conj/Summ      Unusable   N/A       N/A         7

Dungeon Overview and Level Annotations

Branches:
Dungeon (9/15)             Temple (1/1) D:7
   Lair: D:8-11         Orc: D:9-12

Altars:
Ashenzari
Cheibriados
Dithmenos
Gozag
Kikubaaqudgha
Makhleb
Nemelex Xobeh
Okawaru
Qazlal
Ru
Sif Muna
Trog
Uskayaw
Vehumet
Wu Jian
Xom
Zin
The Shining One

Shops:
D:1 :   D:5 *[   D:9 *

Annotations:
D:9 1 transporter


Innate Abilities, Weirdness & Mutations

You can breathe waves of freezing cold which knock back foes.
Your icy white scales are hard. (AC +7)
You cannot fit into any form of body armour.
Your flesh is cold resistant. (rC+)
You are cold-blooded and may be slowed by cold attacks.
You are hated by all.


Message History

Unknown command.
A wave of flame ripples out!
The flame wave engulfs the two-headed ogre!
The two-headed ogre is severely wounded.
The flame wave engulfs the orc wizard but does no damage.
The orc wizard is severely wounded.
The flame wave engulfs the cyclops!
The cyclops is heavily wounded.
You finish channelling waves of flame.
The two-headed ogre barely misses you.
The two-headed ogre hits you with a +0 giant spiked club!
* * * LOW HITPOINT WARNING * * *
The cyclops hits you!
* * * LOW HITPOINT WARNING * * *
The orc wizard closely misses you.
Unknown command.
Unknown command.
Unknown command.
Casting: Flame Wave (dangerous; 2% risk of failure)
Confirm with . or Enter, or press ? or * to list all spells.
Casting: Flame Wave (dangerous; 2% risk of failure)
Press: ? - help, Dir - look around, f - activate A wave of flame ripples out!
The flame wave engulfs the two-headed ogre!
The two-headed ogre is almost dead.
The flame wave engulfs the orc wizard.
You kill the orc wizard!
The flame wave engulfs the cyclops!
The cyclops is severely wounded. (Press . to intensify the flame waves.)
The two-headed ogre is no longer moving slowly.
The cyclops is no longer moving slowly.
Unknown command.
Unknown command.
A wave of flame ripples out!
The flame wave engulfs the two-headed ogre!
You kill the two-headed ogre!
The flame wave engulfs the cyclops!
The cyclops is almost dead.
The cyclops hits you!!
You die...

#.<#.........# #..##.......#
##.'.........###.###.......#
####...............))>.....#
# #......#########.)......#
# #.....##.......##..)....#
# #.....#8..#.#..8#.......#
# #.....#$$#...#..#.......#
#.....#$(.....).#..<....#
###..©#_$....@).#©...'###
##..#$[.....C.#..##.#
###.#.!#...#..#.###.#
#...#8..#.#..8#.##..#
#...##...©...##.##.##
######....#########..##.#
....##..............###.#
###..'.......##########.#
####.......# #..#


You could see a cyclops.

Vanquished Creatures
  A two-headed ogre (D:9)
  Joseph (D:7)
  Maggie (D:6)
  3 yaks (D:8)
  A wyvern (D:8)
  A redback (shapeshifter) (D:9)
  A steam dragon (D:7)
  Menkaure (D:7)
  3 water moccasins
  Duvessa (D:7)
  2 orc warriors
  2 black bears (D:4)
  A sky beast (D:8)
  3 centaurs
  An ogre (D:4)
  3 kobold brigands
  5 bullfrogs
  4 gnoll sergeants
  4 scorpions
  6 wights (D:7)
  Dowan (D:7)
  5 killer bees (D:7)
  2 howler monkeys (D:5)
  4 gnoll boudas
  2 hounds
  3 jellies
  Crazy Yiuf (D:7)
  2 orc priests (D:8)
  A sleepcap (D:4)
  4 iguanas
  4 orc wizards
  38 gnolls
  6 adders
  A shadow imp (D:8)
  2 ufetubi (D:7)
  4 dart slugs
  18 orcs
  6 ball pythons
  3 bats (D:2)
  7 endoplasms
  7 giant cockroaches
  10 goblins
  7 hobgoblins
  6 jackals
  6 quokkas
  4 frilled lizards
  27 kobolds
  9 rats
  A spectral orc (D:4)
236 creatures vanquished.

Vanquished Creatures (collateral kills)
  3 foxfires (D:3)
3 creatures vanquished.

Vanquished Creatures (others)
  654 foxfires
654 creatures vanquished.

Grand Total: 893 creatures vanquished

Notes
Turn   | Place    | Note
-------+----------+-------------------------------------------
     0 | D:1      | Vomitron the Draconian Fire Elementalist began the quest
                  | for the Orb.
     0 | D:1      | Reached XP level 1. HP: 14/14 MP: 3/3
   346 | D:1      | Reached XP level 2. HP: 20/20 MP: 3/5
   522 | D:1      | Found Deleq's Book Shop.
   893 | D:1      | Reached XP level 3. HP: 26/26 MP: 4/6
  1527 | D:2      | Learned a level 2 spell: Scorch
  1530 | D:2      | Learned a level 2 spell: Searing Ray
  2003 | D:2      | Reached XP level 4. HP: 33/33 MP: 7/7
  2484 | D:3      | Found a faded altar of an unknown god.
  2939 | D:4      | Noticed an ogre
  2952 | D:4      | Killed an ogre
  2953 | D:4      | Reached XP level 5. HP: 38/38 MP: 4/9
  3041 | D:4      | Reached skill level 5 in Fire Magic
  3056 | D:4      | Reached XP level 6. HP: 43/45 MP: 1/10
  3399 | D:4      | Found a basalt altar of Yredelemnul.
  3454 | D:5      | Entered Level 5 of the Dungeon
  3458 | D:5      | Your scales start taking on an icy white colour.
  3458 | D:5      | Reached XP level 7. HP: 50/50 MP: 8/12
  3458 | D:5      | Gained mutation: Your flesh is cold resistant. (rC+) [White
                  | Draconian growth]
  3478 | D:5      | Learned a level 5 spell: Metabolic Englaciation
  3541 | D:5      | Reached skill level 1 in Ice Magic
  3654 | D:5      | Reached skill level 1 in Fighting
  3660 | D:4      | Reached skill level 2 in Ice Magic
  3788 | D:5      | Reached skill level 5 in Conjurations
  3788 | D:5      | Reached skill level 3 in Ice Magic
  4060 | D:5      | Found Qawap's Elemental Accessories.
  4130 | D:5      | Reached XP level 8. HP: 55/61 MP: 9/14
  4166 | D:5      | Reached skill level 4 in Ice Magic
  4449 | D:5      | Found Sikandar's Dragon-Slaying Spoils.
  4562 | D:5      | Learned a level 4 spell: Flame Wave
  4586 | D:6      | Noticed Maggie
  4870 | D:6      | Reached skill level 5 in Ice Magic
  4922 | D:6      | Killed Maggie
  4923 | D:6      | Reached skill level 5 in Spellcasting
  4923 | D:6      | Reached skill level 5 in Fire Magic
  5056 | D:6      | Found a glowing golden altar of the Shining One.
  5183 | D:6      | Reached XP level 9. HP: 56/71 MP: 6/16
  5285 | D:6      | Found Zin's Purification Station.
  5288 | D:6      | Found a glowing silver altar of Zin.
  5293 | D:6      | Bought a potion of curing for 90 gold pieces
  5942 | D:7      | Noticed Duvessa
  5942 | D:7      | Noticed Dowan
  5946 | D:7      | Killed Dowan
  5948 | D:7      | Reached skill level 6 in Ice Magic
  5950 | D:7      | Killed Duvessa
  6055 | D:7      | Noticed Joseph
  6067 | D:7      | HP: 4/93 [Joseph/+2 quarterstaff of holy wrath (4)]
  6068 | D:7      | Killed Joseph
  6069 | D:7      | Reached skill level 5 in Fighting
  6490 | D:7      | Found a bloodstained altar of Trog.
  6537 | D:7      | Reached skill level 7 in Ice Magic
  6547 | D:7      | Found a staircase to the Ecumenical Temple.
  6562 | Temple   | Entered the Ecumenical Temple
  6580 | Temple   | Became a worshipper of Ru the Awakened
  6724 | D:7      | Found a runed translucent door.
  6725 | D:7      | Noticed Crazy Yiuf
  6818 | D:7      | Noticed Menkaure
  6826 | D:7      | Killed Menkaure
  6827 | D:7      | Reached XP level 10. HP: 46/83 MP: 9/19
  7392 | D:7      | Killed Crazy Yiuf
  8194 | D:8      | Found an ancient bone altar of Kikubaaqudgha.
  8468 | D:8      | Reached skill level 8 in Ice Magic
  8970 | D:9      | Found Xiqisurgh's Assorted Antiques.
  9150 | D:9      | Found an opulent altar of Gozag.
  9152 | D:9      | Noticed a cyclops
  9157 | D:9      | Noticed a two-headed ogre
  9160 | D:9      | Found a transporter.
  9231 | D:9      | Found a transporter.
  9373 | D:9      | Noticed a fire crab
  9390 | D:9      | Noticed a manticore
  9459 | D:9      | Gained mutation: You are hated by all. [Ru sacrifice]
  9459 | D:9      | Reached * piety under Ru
  9664 | D:9      | Found a shadowy altar of Dithmenos.
  9694 | D:9      | Found a hide-covered altar of Uskayaw.
  9735 | D:9      | Noticed a faun
  9769 | D:9      | a faun changed into a lindwurm
  9769 | D:9      | Noticed a lindwurm (shapeshifter)
  9798 | D:9      | a lindwurm changed into a death drake
  9798 | D:9      | Noticed a death drake (shapeshifter)
  9818 | D:9      | a death drake changed into a redback
  9828 | D:9      | Killed a two-headed ogre
  9828 | D:9      | Demolished by a cyclops

Illustrated notes

Levels and vault maps discovered:
D:1:      dpeg_arrival_tiny_h, layout_basic, serial_shops, shop,
          serial_corexii_hall, chequers_hall_statues_y, corexii_hall_statues_t,
          minmay_crystal_water
D:2:      layout_loops_corners, lexackson_kobold_supper
D:3:      layout_basic, dreamdust_ecumenical_altar_grove
D:4:      layout_basic, yredelemnul_forgotten_temple_becter
D:5:      layout_cave_pools, serial_gnoll_camp, gnoll_camp_mini_basic,
          gnoll_camp_medium_01, gnoll_camp_mini_hut, gnoll_camp_mini_sergeant,
          nicolae_shop_dragon_depot, nicolae_elemental_shop,
          grunt_decor_mini_mirrors
D:6:      layout_layer_cave, zin_purify, overflow_temple_1_default, uniq_maggie
D:7:      layout_gridville, trog_three_pillars_becter, temple_statues,
          minivault_19, uniq_duvessa, uniq_menkaure, uniq_crazy_yiuf_cottage,
          uniq_joseph
D:8:      layout_basic, nicolae_kikubaaqudgha_miasma_corner, item_on_display_a
D:9:      layout_roguey, gammafunk_temple_overflow_arena,
          mainiacjoe_overflow_two_lobes, serial_shops, shop, lightli_orcish_oven
Temple:   nicolae_temple_god_jail

Skill      XL: |  1  2  3  4  5  6  7  8  9 10 |
---------------+-------------------------------+-----
Fire Magic     | 4 5 4 5 6 |  6.0
Conjurations   | 2 3 4 5 6 7 |  7.8
Spellcasting   | 3 4 5 6 |  6.9
Ice Magic      | 3 5 7 8 |  8.3
Fighting       | 2 4 5 6 |  6.8
Dodging        | |  1.7
Stealth        | |  1.7

Action                     |  1- 3 |  4- 6 |  7- 9 | 10-12 || total
---------------------------+-------+-------+-------+-------++-------
  Melee: Dagger            |    51 |    23 |    28 |    24 ||   126
         Tailslap          |    14 |     2 |     4 |     2 ||    22
         Unarmed           |     1 |       |       |       ||     1
         Punch             |       |       |       |     1 ||     1
   Cast: Foxfire           |    51 |    59 |   235 |    48 ||   393
         Scorch            |       |    18 |    49 |    17 ||    84
         Searing Ray       |       |     1 |     1 |       ||     2
         Flame Wave        |       |       |    10 |    15 ||    25
         Metabolic Englaci |       |       |       |     1 ||     1
 Invoke: Sacrifice Love    |       |       |       |     1 ||     1
Ability: Breathe Frost     |       |       |     9 |       ||     9
    Use: Scroll            |       |       |    13 |     4 ||    17
         Potion            |       |       |     1 |       ||     1
 Armour: Skin              |    27 |    15 |    80 |    55 ||   177
  Dodge: Dodged            |    25 |     9 |    57 |    34 ||   125

Table legend: (Time is in decaauts)
 A = Elapsed time spent in this place.
 B = Non-inter-level travel time spent in this place.
 C = Inter-level travel time spent in this place.
 D = Time resting spent in this place.
 E = Time spent auto-exploring this place.
 F = Levels seen in this place.
 G = Mean time per level.
                   A        B        C        D        E       F      G
               +--------+--------+--------+--------+--------+-----+--------+
         Total |   9840 |   9452 |    388 |   1324 |   6294 |  10 |  984.0 |
       Dungeon |   9808 |   9420 |    388 |   1324 |   6294 |   9 | 1089.8 |
        Temple |     32 |     32 |      0 |      0 |      0 |   1 |   32.0 |
               +--------+--------+--------+--------+--------+-----+--------+

Top non-repeatable levels by time:
     D:7: 1703 daAuts
     D:6: 1372 daAuts
     D:8: 1272 daAuts
     D:1: 1200 daAuts
     D:5: 1073 daAuts
     D:2: 1064 daAuts
     D:9: 857 daAuts
     D:4: 677 daAuts
     D:3: 584 daAuts
  Temple: 32 daAuts
